 Dungeon Crawl Stone Soup version 0.29.0-5-ge4962eb29e (webtiles) character file.

Game seed: 1991065563845340965

210 funkygono the Firebug (level 5, 0/28 HPs)
             Began as a Gargoyle Fire Elementalist on Aug 29, 2022.
             Slain by Pikel
             ... wielding a +1 whip of flaming
              (1 damage)
             ... on level 4 of the Dungeon.
             The game lasted 00:06:05 (4557 turns).

funkygono the Firebug (Gargoyle Fire Elementalist)  Turns: 4557, Time: 00:06:05

Health: 0/28       AC: 12    Str: 18    XL:     5   Next: 87%
Magic:  1/10       EV: 12    Int: 17    God:
Gold:   57         SH:  0    Dex: 10    Spells: 3/10 levels left

rFire   . . .      SeeInvis .   k - +0 whip
rCold   . . .      Faith    .   (no shield)
rNeg    + . .      Spirit   .   a - +0 robe
rPois   ∞          Reflect  .   (no helmet)
rElec   +          Harm     .   (no cloak)
rCorr   .          Rampage  .   g - +1 pair of gloves
Will    .....                   (no boots)
Stlth   ++........              (no amulet)
HPRegen 0.09/turn               d - +4 ring of protection
MPRegen 0.12/turn               n - +6 ring of strength

@: no status effects
A: sickness immunity, AC +4, negative energy resistance 1, electricity
resistance, torment resistance 1, petrification resistance
a: no special abilities


You were on level 4 of the Dungeon.
You visited 1 branch of the dungeon, and saw 4 of its levels.

You collected 57 gold pieces.

Inventory:

Hand Weapons
 k - a +0 whip (weapon)
Armour
 a - a +0 robe (worn)
 g - a +1 pair of gloves (worn)
 j - a +0 leather armour
 t - a +0 ring mail
Jewellery
 d - a +4 ring of protection (left hand)
 n - a +6 ring of strength (right hand)
 o - a ring of resist corrosion
 p - a +6 ring of strength
Wands
 i - a wand of roots (9)
Scrolls
 q - a scroll of enchant armour
Potions
 b - a potion of magic
 c - 2 potions of mutation
 e - a potion of might
 f - a potion of brilliance {unknown}
 h - a potion of degeneration {unknown}
 l - a potion of berserk rage {unknown}
 m - 2 potions of flight
 r - a potion of attraction {unknown}
 s - a potion of resistance {unknown}


   Skills:
 + Level 0.3 Fighting
 + Level 1.5 Maces & Flails
 + Level 2.2 Dodging
 + Level 2.8 Stealth
 + Level 3.3 Spellcasting
 + Level 2.3 Conjurations
 + Level 4.0 Fire Magic


You had 3 spell levels left.
You knew the following spells:

 Your Spells              Type           Power      Damage    Failure   Level
a - Foxfire               Conj/Fire      52%        2x1d6     4%          1
b - Scorch                Fire           32%        2d6       4%          2
c - Flame Wave            Conj/Fire      13%        2d6       41%         4

Your spell library contained the following spells:

 Spells                   Type           Power      Damage    Failure   Level
 Conjure Flame            Conj/Fire      13%        6-21      14%         3
 Summon Small Mammal      Summ           8%         N/A       17%         1
 Inner Flame              Hex/Fire       9%         N/A       22%         3
 Ignite Poison            Fire/Tmut/Pois 7%         N/A       28%         3
 Call Canine Familiar     Summ           2%         N/A       45%         3
 Summon Guardian Golem    Hex/Summ       2%         N/A       45%         3
 Sticky Flame             Conj/Fire      13%        2d4       41%         4


Dungeon Overview and Level Annotations

Branches:
Dungeon (4/15)
 Temple: D:4-7

Altars:
Gozag
Qazlal
Sif Muna
Uskayaw

Annotations:
D:4 Pikel


Innate Abilities, Weirdness & Mutations

You are immune to sickness and miasma.
Your stone body is resilient. (AC +4)
You are immune to poison.
You resist negative energy. (rN+)
You are resistant to electric shocks. (rElec)
You are resistant to unholy torment.
You are immune to petrification.


Message History

Pikel is moderately wounded.
Pikel misses you.
You barely miss Pikel.
Pikel is moderately wounded.
The lemure is no longer more vulnerable to fire.
Pikel hits you with a +1 whip of flaming.
Pikel burns you.
You miss Pikel.
Pikel is moderately wounded.
Pikel hits you with a +1 whip of flaming.
Pikel burns you.
You hit Pikel but do no damage.
Pikel is moderately wounded.
Pikel barely misses you.
You hit Pikel but do no damage.
Pikel is moderately wounded.
A lemure comes into view.
Pikel completely misses you.
Casting: Scorch (safe; 4% risk of failure)
Confirm with . or Enter, or press ? or * to list all spells.
Okay, then.
The lemure shouts!
You hit Pikel.
Pikel is moderately wounded.
Pikel barely misses you.
You barely miss Pikel.
Pikel is moderately wounded.
Pikel closely misses you.
You miss Pikel.
Pikel is moderately wounded.
Pikel hits you with a +1 whip of flaming!
* * * LOW HITPOINT WARNING * * *
Pikel burns you.
* * * LOW HITPOINT WARNING * * *
You closely miss Pikel.
Pikel is moderately wounded.
Pikel hits you with a +1 whip of flaming.
* * * LOW HITPOINT WARNING * * *
Pikel burns you.
You die...

#.#.##............#
#.#.#############.#
#.#...........# #.#
#.###########.###.#
.###.#####.# #.#...#
...5.K...>.# #.#.###
.########..# #.#<..#
#..###########.#.#.#
#.555K@......#.#.#.#
#.##########.#.#.# #
#.# #.#.#†# #.#
#.#.#.# #.# #.#.#.#
#.# #.#.#.# #.#
#.#.#
#.........##.#.#
..........##.#.#


You could see Pikel and 3 lemures.

Vanquished Creatures
  An ice beast (D:3)
  A lemure (D:4)
  Ijyb (D:4)
  An adder (D:2)
  A worm (D:2)
  3 dart slugs
  An orc (D:3)
  6 endoplasms
  4 giant cockroaches
  3 goblins
  4 hobgoblins
  13 jackals
  A quokka (D:3)
  10 ball pythons
  4 bats
  3 frilled lizards
  5 kobolds
  5 rats
67 creatures vanquished.

Vanquished Creatures (collateral kills)
  A foxfire (D:1)
1 creature vanquished.

Vanquished Creatures (others)
  176 foxfires
176 creatures vanquished.

Grand Total: 244 creatures vanquished

Notes
Turn   | Place    | Note
-------+----------+-------------------------------------------
     0 | D:1      | funkygono the Gargoyle Fire Elementalist began the quest
                  | for the Orb.
     0 | D:1      | Reached XP level 1. HP: 10/10 MP: 3/3
   307 | D:1      | Reached XP level 2. HP: 12/15 MP: 0/5
   310 | D:1      | Learned a level 2 spell: Scorch
   787 | D:1      | Reached XP level 3. HP: 19/19 MP: 4/6
  1984 | D:2      | Identified the +2 robe of Ethereal the Good {rElec rCorr
                  | Int+3 Archmagi}
  2153 | D:2      | Reached XP level 4. HP: 24/24 MP: 2/8
  2537 | D:2      | Learned a level 4 spell: Flame Wave
  3129 | D:3      | Found a faded altar of an unknown god.
  3459 | D:3      | Found a stormy altar of Qazlal.
  3459 | D:3      | Found an opulent altar of Gozag.
  3474 | D:3      | Found a shimmering blue altar of Sif Muna.
  3516 | D:3      | Noticed an ice beast
  3552 | D:3      | Killed an ice beast
  3553 | D:3      | Reached skill level 1 in Maces & Flails
  3553 | D:3      | Reached skill level 4 in Fire Magic
  3553 | D:3      | Reached XP level 5. HP: 10/28 MP: 6/9
  4180 | D:4      | Noticed Ijyb
  4183 | D:4      | Killed Ijyb
  4299 | D:4      | Found a hide-covered altar of Uskayaw.
  4511 | D:4      | Noticed a lemure
  4515 | D:4      | Noticed Pikel
  4517 | D:4      | Noticed a lemure
  4527 | D:4      | Noticed a lemure
  4539 | D:4      | Killed a lemure
  4553 | D:4      | Noticed a lemure
  4557 | D:4      | HP: 1/28 [Pikel/+1 whip of flaming (2)]
  4557 | D:4      | Slain by Pikel

Illustrated notes

Levels and vault maps discovered:
D:1:      wander_arrival_fairy_ring, layout_basic, minmay_tetromino_l2
D:2:      layout_basic, minmay_misc_feat_cross
D:3:      layout_basic, minitemple, shapermc_ecumenical_altar_venn
D:4:      layout_basic, nicolae_uskayaw_murder_on_the_dancefloor,
          nicolae_wooded_promenade, nicolae_shop_firing_range, uniq_pikel,
          uniq_ijyb

Skill      XL: |  1  2  3  4 |
---------------+-------------+-----
Conjurations   | 2 |  2.3
Maces & Flails | 1 |  1.5
Dodging        | 2 |  2.2
Spellcasting   | 3 |  3.3
Fire Magic     | 4 |  4.0
Fighting       | |  0.3
Stealth        | |  2.8

Action                   |  1- 3 |  4- 6 || total
-------------------------+-------+-------++-------
Melee: Unarmed           |     8 |       ||     8
       Whip              |     1 |    85 ||    86
       Short sword       |     1 |       ||     1
       Punch             |       |     1 ||     1
 Cast: Foxfire           |    69 |    36 ||   105
       Scorch            |       |    12 ||    12
  Use: Scroll            |     1 |    11 ||    12
Armor: Robe              |    13 |    26 ||    39
Dodge: Dodged            |    31 |    58 ||    89
